 Dungeon Crawl Stone Soup version 0.31.0-1-g2c135a008e (webtiles) character file.

Game seed: 15277490269843404166

308 qw the Shooter (level 6, -2/47 HPs)
             Began as a Djinni Hunter on Jan 23, 2024.
             Was an Initiate of Okawaru.
             Slain by Grinder (5 damage)
             ... while paralysed by Grinder
             ... on level 4 of the Dungeon.
             The game lasted 00:00:14 (3267 turns).

qw the Shooter (Djinni Hunter)                      Turns: 3267, Time: 00:00:14

Health: -2/47      AC:  4    Str: 10    XL:     6   Next: 68%
Gold:   132        EV:  2    Int: 10    God:    Okawaru [......] SH:  0 Dex: 19

rFire   + + .        a - +0 shortbow
rCold   x . .        (shield currently unavailable)
rNeg    . . .        c - +0 leather armour
rPois   inf          (no helmet)
rElec   .            (no cloak)
rCorr   .            e - +0 pair of gloves
SInv    .            (boots unavailable)
Will    .....        (no amulet)
Stlth   ++           (no ring)
HPRegen 0.27/turn    (no ring)
MPRegen 0.00/turn

%: infuse magic (-3 HP)
@: paralysed, flying
A: sickness immunity, fire resistance 2, cold vulnerability 1, float, innate
caster, HP casting, extra vitality 1
a: Renounce Religion


You were on level 4 of the Dungeon.
You worshipped Okawaru.
Okawaru was noncommittal.
You visited 2 branches of the dungeon, and saw 5 of its levels.

You collected 216 gold pieces.
You spent 84 gold pieces at shops.


Innate Abilities, Weirdness & Mutations

You are immune to sickness and miasma.
You are immune to poison.
Your flesh is very heat resistant. (rF++)
You are vulnerable to cold. (rC-)
You float through the air rather than walking.
You learn spells naturally, not from books.
Your magical power is your life essence.
You have superior vitality. (+4 MHP)


   Skills:
 + Level 3.9 Fighting
 - Level 5.0 Ranged Weapons
 - Level 1.6 Armour
 - Level 3.0 Dodging
 - Level 0.7 Stealth


You knew the following spells:

 Your Spells              Type           Power      Damage    Failure   Level
a - Sting                 Conj/Alch      0%         1d3       45%         1
b - Call Imp              Summ           0%         N/A       58%         2
Your spell library was empty.

Inventory:

Hand Weapons
 a - a +0 shortbow (weapon)
Armour
 c - a +0 leather armour (worn)
 e - a +0 pair of gloves (worn)
Wands
 g - a wand of digging (5)
Scrolls
 i - 2 scrolls of noise {unknown}
 j - a scroll of enchant weapon {unknown}
Potions
 b - a potion of magic {unknown}
 d - 2 potions of heal wounds
 f - 3 potions of curing
 h - a potion of lignification {unknown}

Dungeon Overview and Level Annotations

Branches:
Dungeon (4/15)             Temple (1/1) D:4

Altars:
Ashenzari
Cheibriados
Dithmenos
Elyvilon
Fedhas
Gozag
Hepliaklqana
Makhleb
Okawaru
Trog
Uskayaw
Wu Jian
Xom
Yredelemnul
Zin
The Shining One

Shops:
D:3 !

Annotations:
D:4 Grinder


Message History

Grinder gestures at you. You resist with some effort.
You shoot an arrow. The arrow hits Grinder.
Grinder is almost dead.
Grinder hits you but does no damage.
You shoot an arrow.
The arrow hits Grinder but does no damage.
Grinder is almost dead.
Grinder blinks!
3252 ||| FLEEEEING.
Grinder blinks!
You start resting.
Grinder is nearby!
You shoot an arrow. The arrow closely misses Grinder.
You shoot an arrow. The arrow hits Grinder.
Grinder is almost dead.
Grinder blinks!
You shoot an arrow. The arrow hits Grinder.
Grinder is almost dead.
Grinder gestures at you. Pain shoots through your body!
You shoot an arrow. The arrow barely misses Grinder.
You shoot an arrow. The arrow barely misses Grinder.
Grinder blinks!
Grinder gestures at you. Pain shoots through your body!
You shoot an arrow. The arrow closely misses Grinder.
You shoot an arrow. The arrow barely misses Grinder.
Grinder gestures at you. You resist with some effort.
You shoot an arrow. The arrow closely misses Grinder.
You shoot an arrow. The arrow barely misses Grinder.
Grinder gestures at you.
You suddenly lose the ability to move!
Grinder hits you. Grinder hits you!
Grinder says, "Don't move a muscle."
Grinder hits you!
You writhe in agony.
You die...
Grinder says, "Now the real fun starts!"

######## ##......###
##.........###
##............####
#...............(#
##..............##
####5............##
#..@...?.........#
#....#####..........##
..... ###.......##
.... ##....?## ...
##....## .. ####%.# .
#..# #..## ##..#


You could see Grinder.

Vanquished Creatures
  A bombardier beetle (D:4)
  A hound (D:4)
  3 orc priests
  An orc wizard (D:3)
  3 adders
  3 dart slugs
  3 ribbon worms (D:3)
  4 orcs
  7 bats
  9 endoplasms
  A giant cockroach (D:4)
  3 goblins
  9 hobgoblins
  13 kobolds
  A quokka (D:2)
  9 ball pythons
  8 frilled lizards
  4 rats
83 creatures vanquished.

Notes
Turn   | Place    | Note
-------+----------+-------------------------------------------
     0 | D:1      | qw the Djinni Hunter began the quest for the Orb.
     0 | D:1      | Reached XP level 1. HP: 18/18 MP: 0/0
     0 | D:1      | 0 ||| qw: Version: 0.3-a-136-gdd3b4e8
     0 | D:1      | 0 ||| qw: Game counter: 1035
     0 | D:1      | 0 ||| qw: Melee chars always use a shield: true
     0 | D:1      | 0 ||| qw: God list: Okawaru
     0 | D:1      | 0 ||| qw: Allow faded altars: false
     0 | D:1      | 0 ||| qw: Do Orc after clearing Dungeon:15 true
     0 | D:1      | 0 ||| qw: Do second Lair branch before Depths: true
     0 | D:1      | 0 ||| qw: Lair rune preference: random
     0 | D:1      | 0 ||| qw: Goals: Normal
     0 | D:1      | 0 ||| PLANNING D:1-11
   183 | D:1      | Reached XP level 2. HP: 21/23 MP: 0/0
   352 | D:1      | Reached XP level 3. HP: 28/28 MP: 0/0
   352 | D:1      | Learned a level 1 spell: Sting
   389 | D:1      | Reached skill level 4 in Ranged Weapons
   745 | D:1      | 745 ||| READING scroll labelled FOENWO LAUC.
   846 | D:1      | 846 ||| READING 3 scrolls labelled ZEFAPRO TOESER.
   846 | D:1      | 846 ||| IDENTIFYING fuming red potion
   847 | D:1      | 847 ||| READING 2 scrolls of identify.
   847 | D:1      | 847 ||| IDENTIFYING 3 green potions
   848 | D:1      | 848 ||| DROPPING scroll of butterflies.
   849 | D:1      | 849 ||| DROPPING potion of invisibility.
   880 | D:2      | 880 ||| STAIRDANCE
  1051 | D:2      | Reached XP level 4. HP: 34/34 MP: 0/0
  1111 | D:2      | Reached skill level 3 in Fighting
  1362 | D:2      | Found a faded altar of an unknown god.
  1728 | D:2      | 1728 ||| UPGRADING to +0 pair of gloves.
  1733 | D:2      | 1733 ||| READING scroll of identify.
  1733 | D:2      | 1733 ||| IDENTIFYING scroll labelled BUTA BAQIMEITH
  1734 | D:2      | 1734 ||| READING scroll labelled GUUGGYTI OHUCH.
  1739 | D:2      | 1739 ||| READING scroll labelled PIEWNOTEYP.
  1740 | D:2      | 1740 ||| READING scroll labelled DUBRAW UKKI.
  1741 | D:2      | 1741 ||| READING 2 scrolls labelled MAZXIU UPNUNI.
  1742 | D:2      | 1742 ||| DROPPING scroll of fog.
  1743 | D:2      | 1743 ||| DROPPING scroll of amnesia.
  1883 | D:3      | Reached skill level 3 in Dodging
  1896 | D:3      | 1896 ||| FLEEEEING.
  1897 | D:3      | 1897 ||| FLEEEEING.
  1898 | D:3      | 1898 ||| FLEEEEING.
  1899 | D:3      | 1899 ||| FLEEEEING.
  1900 | D:3      | 1900 ||| FLEEEEING.
  1901 | D:3      | 1901 ||| FLEEEEING.
  1902 | D:3      | 1902 ||| FLEEEEING.
  1903 | D:3      | 1903 ||| FLEEEEING.
  1904 | D:3      | 1904 ||| FLEEEEING.
  1905 | D:3      | 1905 ||| FLEEEEING.
  1906 | D:3      | 1906 ||| FLEEEEING.
  1907 | D:3      | 1907 ||| FLEEEEING.
  1908 | D:3      | 1908 ||| FLEEEEING.
  1909 | D:3      | 1909 ||| FLEEEEING.
  1910 | D:3      | 1910 ||| FLEEEEING.
  1911 | D:3      | 1911 ||| FLEEEEING.
  1913 | D:3      | 1913 ||| FLEEEEING.
  1914 | D:3      | 1914 ||| FLEEEEING.
  1923 | D:3      | Reached XP level 5. HP: 26/40 MP: 0/0
  1923 | D:3      | Learned a level 2 spell: Call Imp
  2098 | D:3      | Found Fuepur's Distillery.
  2107 | D:3      | 2107 ||| SHOPLISTING 2 potions of mutation (224 gold, have
                  | 103).
  2107 | D:3      | 2107 ||| BUYING potion of curing (42 gold).
  2107 | D:3      | Bought a potion of curing for 42 gold pieces
  2107 | D:3      | 2107 ||| BUYING potion of curing (42 gold).
  2107 | D:3      | Bought a potion of curing for 42 gold pieces
  2107 | D:3      | 2107 ||| SHOPLISTING potion of enlightenment (70 gold, have
                  | 19).
  2107 | D:3      | 2107 ||| SHOPLISTING potion of heal wounds (70 gold, have
                  | 19).
  2107 | D:3      | 2107 ||| SHOPLISTING potion of resistance (140 gold, have
                  | 19).
  2317 | D:3      | Reached skill level 5 in Ranged Weapons
  2408 | D:3      | Reached XP level 6. HP: 43/46 MP: 0/0
  2456 | D:3      | Found a bloodstained altar of Trog.
  2704 | D:4      | Found a staircase to the Ecumenical Temple.
  2705 | D:4      | 2705 ||| PLANNING TEMPLE
  2714 | Temple   | Entered the Ecumenical Temple
  2715 | Temple   | 2715 ||| PLANNING OKAWARU WORSHIP
  2731 | Temple   | Became a worshipper of Warmaster Okawaru
  2732 | Temple   | 2732 ||| PLANNING D:1-11
  2958 | D:4      | Reached skill level 1 in Armour
  3231 | D:4      | Noticed Grinder
  3240 | D:4      | HP: 9/47 [Grinder (6)]
  3241 | D:4      | 3241 ||| DRINKING 3 potions of heal wounds.
  3245 | D:4      | Paralysed by Grinder for 3 turns
  3252 | D:4      | 3252 ||| FLEEEEING.
  3263 | D:4      | Paralysed by Grinder for 5 turns
  3267 | D:4      | HP: 3/47 [Grinder (9)]
  3267 | D:4      | Slain by Grinder

Levels and vault maps discovered:
D:1:      scummos_arrival_simple_crosswalls, layout_loops_ring,
          kennysheep_doodads, minmay_tetromino_t2
D:2:      layout_loops_ring, shapermc_ecumenical_altar_flowoftime,
          roderic_lattice_a
D:3:      layout_basic, trog_hazing_becter, general_overflow_altar,
          serial_shops, shop, nrook_mini_vaults
D:4:      layout_cave_pods, minmay_temple_entry_stoned_glass, uniq_grinder
Temple:   nicolae_temple_bog_church

Skill      XL: |  1  2  3  4  5  6 |
---------------+-------------------+-----
Ranged Weapons | 4 5 |  5.0
Fighting       | 3 |  3.9
Dodging        | 3 |  3.0
Armour         | 1 |  1.6
Stealth        | |  0.7

Action                     |  1- 3 |  4- 6 || total
---------------------------+-------+-------++-------
   Fire: Shortbow          |    86 |   209 ||   295
    Use: Scroll            |     3 |     5 ||     8
         Potion            |       |     1 ||     1
 Armour: Leather armour    |     9 |    69 ||    78
  Dodge: Dodged            |    14 |    65 ||    79

Table legend:
 A = Non-vault XP
 B = Vault XP
 C = Vault XP percentage of total XP
 D = Non-vault monster count
 E = Vault monster count
 F = Vault count percentage of total count
                 A         B        C        D         E       F
            +---------+---------+-------+---------+---------+-------
      Total |     429 |      11 |   2.5 |      76 |       7 |   8.4
            +---------+---------+-------+---------+---------+-------
        D:1 |      42 |       3 |   6.7 |      25 |       2 |   7.4
        D:2 |      55 |       0 |   0.0 |      27 |       0 |   0.0
        D:3 |     165 |       8 |   4.6 |      16 |       5 |  23.8
        D:4 |     167 |       0 |   0.0 |       8 |       0 |   0.0
            +---------+---------+-------+---------+---------+-------
